 Dungeon Crawl Stone Soup version 0.30-a0-149-g7f746667c4 (webtiles) character file.

Game seed: 314936708744601743

56 hellse the Conjurer (level 3, -5/19 HPs)
             Began as a Deep Elf Conjurer on Sept 26, 2022.
             Slain by Sigmund
             ... wielding a +0 scythe
              (6 damage)
             ... on level 2 of the Dungeon.
             The game lasted 00:03:11 (1650 turns).

hellse the Conjurer (Deep Elf Conjurer)             Turns: 1650, Time: 00:03:12

Health: -5/19      AC:  2    Str:  4    XL:     3   Next: 69%
Magic:  10/10      EV: 12    Int: 24    God:
Gold:   140        SH:  0    Dex: 13    Spells: 6/9 levels left

rFire   + . .      SeeInvis .    n - +2 short sword (venom)
rCold   + . .      Faith    .    (no shield)
rNeg    . . .      Spirit   .    m - +0 robe {rC+ rF+}
rPois   .          Reflect  .    (no helmet)
rElec   .          Harm     .    (no cloak)
rCorr   .          Rampage  .    (no gloves)
Will    .....                    (no boots)
Stlth   ++........               (no amulet)
HPRegen 0.06/turn                (no ring)
MPRegen 0.12/turn                (no ring)

@: mighty, brilliant, about to teleport, attractive, hasted, very quick
A: no striking features
a: no special abilities


You were on level 2 of the Dungeon.
You visited 1 branch of the dungeon, and saw 2 of its levels.

You collected 140 gold pieces.

Inventory:

Hand Weapons
 n - a +2 short sword of venom (weapon)
Armour
 a - a +0 robe
 m - a +0 robe of resistance (worn)
Scrolls
 c - 2 scrolls of identify {unknown}
 d - a scroll of teleportation
 f - a scroll of fog {unknown}
 j - a scroll of silence {unknown}
Potions
 b - a potion of magic


   Skills:
 - Level 2.4 Dodging
 - Level 2.4 Stealth
 + Level 3.6 Spellcasting
 - Level 5.7 Conjurations


You had 6 spell levels left.
You knew the following spells:

 Your Spells              Type           Power      Damage    Failure   Level
a - Magic Dart            Conj           100%       1d8       1%          1
b - Searing Ray           Conj           94%        2d7       1%          2

Your spell library contained the following spells:

 Spells                   Type           Power      Damage    Failure   Level
 Dazzling Flash           Conj/Hex       54%        N/A       10%         3
 Fulminant Prism          Conj/Hex       13%        3d9       30%         4
 Iskenderun's Mystic Bla  Conj/Tloc      27%        2d7       30%         4


Dungeon Overview and Level Annotations

Branches:
Dungeon (2/15)

Altars:

Shops:
D:1 :

Annotations:
D:2 Sigmund


Message History

Sigmund and a worm come into view.
Sigmund shouts!
Press: ? - help, v - describe, . - travel
Here: Sigmund, wielding a +0 scythe and wearing a +0 robe The floor.
Unknown command.
Unknown command.
Sigmund gestures at you while chanting.
You are confused.
It was a potion of brilliance.
You feel clever all of a sudden.
It was a potion of haste.
You feel yourself speed up.
It was a potion of attraction.
You feel attractive to monsters. Sigmund gestures at you while chanting.
The magic dart hits you. Sigmund is attracted toward you.
The worm is attracted toward you.
It was a potion of curing.
You feel better. The worm is attracted toward you. Sigmund barely misses you.
Sigmund is attracted toward you. The worm is attracted toward you.
Sigmund is attracted toward you. Sigmund closely misses you.
Sigmund is attracted toward you. Sigmund is attracted toward you.
Sigmund hits you from afar with a +0 scythe!
Sigmund is attracted toward you.
Okay, then.
You aren't carrying any items that you can evoke.
Sorry, you're not good enough to have a special ability.
As you read the scroll labelled OBETIPRUZXI, it crumbles to dust.
You feel strangely unstable.
It was a scroll of teleportation.
Sigmund hits you from afar with a +0 scythe!
* * * LOW HITPOINT WARNING * * *
Sigmund is attracted toward you.
It was a potion of might.
You feel very mighty all of a sudden. Sigmund misses you.
Sigmund is attracted toward you. Sigmund is attracted toward you.
Sigmund is attracted toward you.
Sigmund hits you from afar with a +0 scythe.
You die...

#######+##
...#####......#
.........#
........†.###.#
.........## ..#.###.###
#.# ..§.§§.w§.# ######
#.##..#####.##
....#..##§# #..).#
#............. . #...#
#§#
#.##.####.........###
....#.
#.###.......#.........#
w.# .
#...#.......+.........#
. .#
###§§§@.@...##........#
..
####......##........#
.. #......'.........#
#......###.......#
#.>....###########
#...............#
#.......).......#
####......).....####
#............'...


You could see Sigmund.

Vanquished Creatures
  2 adders (D:2)
  3 ball pythons (D:1)
  5 endoplasms
  A giant cockroach (D:1)
  4 hobgoblins (D:1)
  5 kobolds
  3 quokkas (D:1)
  2 bats (D:1)
  3 frilled lizards (D:2)
  4 goblins (D:1)
  2 rats (D:2)
34 creatures vanquished.

Notes
Turn   | Place    | Note
-------+----------+-------------------------------------------
     0 | D:1      | hellse the Deep Elf Conjurer began the quest for the Orb.
     0 | D:1      | Reached XP level 1. HP: 10/10 MP: 6/6
   215 | D:1      | Reached XP level 2. HP: 15/15 MP: 5/8
   218 | D:1      | Learned a level 2 spell: Searing Ray
   247 | D:1      | Reached skill level 5 in Conjurations
   408 | D:1      | Found Ranning's Book Shop.
   678 | D:1      | Found a faded altar of an unknown god.
   920 | D:1      | Reached XP level 3. HP: 19/19 MP: 7/9
  1631 | D:2      | Noticed Sigmund
  1650 | D:2      | Slain by Sigmund

Illustrated notes

Levels and vault maps discovered:
D:1:      dpeg_arrival_morbid_curiosity, layout_basic,
          hellmonk_ecumenical_altar_arch_garden, serial_shops, shop,
          corexii_corridor_pit
D:2:      layout_basic, hex_tiny, minmay_tetromino_s2, uniq_sigmund

Skill      XL: |  1  2 |
---------------+-------+-----
Conjurations   | 5 |  5.7
Dodging        | |  2.4
Stealth        | |  2.4
Spellcasting   | |  3.6

Action                   || total
-------------------------++-------
 Cast: Magic Dart        ||    61
       Searing Ray       ||     1
  Use: Potion            ||     5
       Scroll            ||     1
Armor: Robe              ||     4
Dodge: Dodged            ||     8

Table legend: (Time is in decaauts)
 A = Elapsed time spent in this place.
 B = Non-inter-level travel time spent in this place.
 C = Inter-level travel time spent in this place.
 D = Time resting spent in this place.
 E = Time spent auto-exploring this place.
 F = Levels seen in this place.
 G = Mean time per level.
                   A        B        C        D        E       F      G
               +--------+--------+--------+--------+--------+-----+--------+
         Total |   1644 |   1458 |    186 |    101 |   1193 |   2 |  822.0 |
       Dungeon |   1644 |   1458 |    186 |    101 |   1193 |   2 |  822.0 |
               +--------+--------+--------+--------+--------+-----+--------+

Top non-repeatable levels by time:
     D:1: 1328 daAuts
     D:2: 316 daAuts
